 Dungeon Crawl Stone Soup version 0.17.0-56-gd8de76c (webtiles) character file.

22 SanctumEques the Skirmisher (level 2, 0/24 HPs)
             Began as a Demonspawn Abyssal Knight on Dec 5, 2015.
             Was a Follower of Lugonu.
             Succumbed to an adder's poison
             ... on level 2 of the Dungeon.
             The game lasted 00:13:09 (1044 turns).

SanctumEques the Skirmisher (DsAK)                  Turns: 1044, Time: 00:13:09

Health: 0/24       AC:  3    Str: 12    XL:     2   Next: 68%
Magic:  0/3        EV: 11    Int: 13    God:    Lugonu [*.....]
Gold:   33         SH:  0    Dex: 12    Spells: 0 memorised, 1 level left

rFire  . . .     SeeInvis .       - Unarmed
rCold  . . .     Clarity  .     a - +0 leather armour
rNeg   . . .     SustAt   .     (no shield)
rPois  .         Gourm    .     (no helmet)
rElec  .         Spirit   +     (no cloak)
rCorr  .         Warding  .     (no gloves)
rMut   .         Stasis   .     (no boots)
MR     .....                    (no amulet)
Stlth  +.........               (no ring)
                                (no ring)

@: lethally poisoned (0 -> -3), very slightly contaminated, invisible, not
resistant to hostile enchantments, very unstealthy
A: magic shield
a: Depart the Abyss, Renounce Religion


You were on level 2 of the Dungeon.
You worshipped Lugonu.
Lugonu was aware of your devotion.
You were full.

You visited 1 branch of the dungeon, and saw 2 of its levels.
You visited the Abyss 1 time.

You collected 33 gold pieces.

Inventory:

Hand Weapons
 g - a +0 club
Armour
 a - a +0 leather armour (worn)
Comestibles
 b - a bread ration
 f - a chunk of flesh


   Skills:
 + Level 3.4 Fighting
 + Level 2.0 Armour
 + Level 1.4 Dodging
 + Level 1.8 Unarmed Combat
 + Level 2.6 Invocations


You had one spell level left.
You didn't know any spells.

Dungeon Overview and Level Annotations

Branches:
Dungeon (2/15)

Altars:

Annotations:
D:2 Natasha


Innate Abilities, Weirdness & Mutations

When hurt, damage is shared between your health and your magic reserves.


Message History

You fade into invisibility!
The adder closely misses you.
You are very lightly contaminated with residual magic.
As you read the scroll labeled HAUVADW WUSATA, it crumbles to dust.
You feel aware of your surroundings.
You sensed 3 altars.
It was a scroll of magic mapping.
* * * LOW HITPOINT WARNING * * *
You feel sick. The adder bites you. The adder closely misses you.
As you read the scroll labeled HET MIKESCHISEUN, it crumbles to dust.
You feel strangely unstable.
It was a scroll of teleportation.
The adder misses you.
A giant gecko comes into view.
The shadow imp misses you.
* * * LOW HITPOINT WARNING * * *
You feel sick.
The white imp shouts!
Your surroundings suddenly seem different.
Found 10 gold pieces.
You continue eating. x2
You die...

*.# **,* *,,,,,,,,,,,,,,,,,,*
###.###*,###.#..*,,,*,*********
,.....,,,.......**,**,*
,....,,,,,....$.**,**,*
*#..#***,###....**,**,*
##..####........**,**,*
.....l....##....#*.#*,*
##.......#......##.##.#
#5.###.###.....@.....# #..g..#*
##.......#### #h.#5## ##...####
#.S##.## ##...#* *****
#..###.###†#..# ***,,,,
#.....5.#...<.# ***** *,,,,,*
#.............# *,,,***,,,,,*
######§######.# *,,,,,,,,,,,,
#.# ****.#*****,,,***,,,,,*


There were no monsters in sight!

Vanquished Creatures
  A giant gecko (D:1)
  A giant cockroach (D:1)
  A hobgoblin (D:1)
  2 jackals (D:1)
  5 bats
  2 giant newts (D:1)
  4 goblins (D:1)
  3 kobolds (D:1)
  3 rats (D:1)
22 creatures vanquished.

Notes
Turn   | Place    | Note
--------------------------------------------------------------
     0 | Abyss:1  | SanctumEques the Demonspawn Abyssal Knight began the quest for the Orb.
     0 | Abyss:1  | Reached XP level 1. HP: 18/18 MP: 2/2
    92 | Abyss:1  | Noticed a ghost moth zombie
    96 | Abyss:1  | Noticed a phantasmal warrior
    98 | D:1      | Escaped the Abyss
   205 | D:1      | Reached skill level 1 in Dodging
   483 | D:1      | Gained mutation: When hurt, damage is shared between your health and your magic reserves. [demonic ancestry]
   483 | D:1      | Reached XP level 2. HP: 24/24 MP: 3/3
   569 | D:1      | Reached * piety under Lugonu
  1000 | D:2      | Noticed Natasha
  1036 | D:2      | HP: 1/24 [poisoned by an adder]
  1044 | D:2      | Succumbed to an adder's poison

Action                   || total
-------------------------++-------
Melee: Unarmed           ||   112
Invok: Depart the Abyss  ||     1
  Use: Potion            ||     4
       Scroll            ||     2
  Eat: Bread ration      ||     1
       Chunk             ||     1
